 Dungeon Crawl Stone Soup version 0.30-a0-509-gd016549fea (webtiles) character file.

Game seed: 13832833738767953363

11 tilp the Shield-Bearer (level 2, -1/26 HPs)
             Began as a Meteoran Fighter on Dec 22, 2022.
             Slain by an iguana (10 damage)
             ... on level 4 of the Dungeon.
             The game lasted 00:01:15 (219 turns).

tilp the Shield-Bearer (Meteoran Fighter)            Turns: 219, Time: 00:01:16

Health: -1/26      AC:  7    Str: 17    XL:     2   Next: 58%
Magic:  3/3        EV:  9    Int:  9    God:
Gold:   20         SH:  5    Dex: 13    Spells: 1/1 levels left

rFire   . . .      SeeInvis .    a - +0 long sword
rCold   . . .      Faith    .    c - +0 buckler
rNeg    . . .      Spirit   .    b - +0 scale mail
rPois   .          Reflect  .    (no helmet)
rElec   .          Harm     .    (no cloak)
rCorr   .          Rampage  .    (no gloves)
Will    .....                    (no boots)
Stlth   ..........               (no amulet)
HPRegen 0.24/turn                (no ring)
MPRegen 0.08/turn                (no ring)

@: glowing
A: sense surroundings 1, otherworldly, glowing, explore regen
a: no special abilities


You were on level 4 of the Dungeon.
You visited 1 branch of the dungeon, and saw 4 of its levels.

You collected 20 gold pieces.

Inventory:

Hand Weapons
 a - a +0 long sword (weapon)
Missiles
 g - 7 stones (quivered)
Armour
 b - a +0 scale mail (worn)
 c - a +0 buckler (worn)
Potions
 d - a potion of might
 e - a potion of haste {unknown}
 f - a potion of lignification {unknown}


   Skills:
 + Level 3.4 Fighting
 + Level 2.5 Long Blades
 + Level 3.7 Armour
 * Level 1.1 Dodging
 + Level 0.2 Stealth
 + Level 3.8 Shields


You had one spell level left.
You didn't know any spells.
Your spell library was empty.

Dungeon Overview and Level Annotations

Branches:
Dungeon (4/15) Zot: 2167
 Temple: D:4-7

Altars:


Innate Abilities, Weirdness & Mutations

You passively map a small area around you.
You are easily found by Zot.
You glow in the dark.
You regain HP and MP as you explore.


Message History

The quokka is severely wounded.
The quokka bites you. The quokka closely misses you.
You barely miss the quokka.
The quokka is severely wounded.
The quokka bites you but does no damage.
You barely miss the quokka.
The quokka is severely wounded.
The quokka bites you but does no damage.
The quokka barely misses you.
You hit the quokka but do no damage.
The quokka is severely wounded.
The quokka bites you.
Unknown command.
You hit the quokka but do no damage.
The quokka is severely wounded.
You block the quokka's attack. The quokka bites you.
You hit the quokka.
The quokka is almost dead.
The quokka barely misses you. x2
You hit the quokka.
You kill the quokka!
The iguana bites you but does no damage.
You hit the iguana.
The iguana is lightly wounded.
You block the iguana's attack.
You hit the iguana.
The iguana is moderately wounded.
The iguana bites you.
You hit the iguana.
The iguana is heavily wounded.
The iguana bites you!
* * * LOW HITPOINT WARNING * * *
The iguana bites you but does no damage.
You slash the iguana!
The iguana is almost dead.
You block the iguana's attack.
You barely miss the iguana.
The iguana is almost dead.
The iguana bites you!
You die...

, * * ,* #.#####
*.....### #...#####
* #.......##### , *
#@#.#)......#
*#.....l.#.#.#.###.#
#.....###.#.#.# #.#
** #..... ..#.#.#
#.# ..#.# *###.#.#
#.# * # #. #.#.# #.#
# #.#.###.# *
#....†..# , ,
###.#####


You could see an iguana.

Vanquished Creatures
  A dart slug (D:4)
  A bat (D:2)
  A goblin (D:4)
  2 hobgoblins
  A quokka (D:4)
  A ball python (D:3)
  A frilled lizard (D:2)
  A kobold (D:3)
9 creatures vanquished.

Notes
Turn   | Place    | Note
-------+----------+-------------------------------------------
     0 | D:1      | tilp the Meteoran Fighter began the quest for the Orb.
     0 | D:1      | Reached XP level 1. HP: 19/19 MP: 2/2
    90 | D:3      | Reached XP level 2. HP: 26/26 MP: 3/3
   111 | D:2      | L
   183 | D:4      | Reached skill level 1 in Dodging
   219 | D:4      | Slain by an iguana

Illustrated notes

, ** #.## *
.... #. *
.... .##. * #
, *#
##.########.
* * **
*#...@....$..
,
##.#########
, #[ * * * ##
#. * .. *.. *
, ## #. ,,,
***, * # , *
, * * * , ,


Turn 111 on D:2: L

Levels and vault maps discovered:
D:1:      nzn_arrival_crosshair, layout_basic
D:2:      wad_lake_hut, layout_loops_ring, nicolae_ecumenical_lake_church
D:3:      layout_loops_ring, kennysheep_generic_room_3
D:4:      layout_loops_corners, xom_teletrap_fun, uniq_blork_the_orc, uniq_pikel

Skill      XL: |  1  2 |
---------------+-------+-----
Dodging        | 1 |  1.1
Fighting       | |  3.4
Long Blades    | |  2.5
Armour         | |  3.7
Stealth        | |  0.2
Shields        | |  3.8

Action                   || total
-------------------------++-------
Melee: Long sword        ||    40
Armor: Scale mail        ||    21
Dodge: Dodged            ||    21
Block: Buckler           ||    12

Table legend: (Time is in decaauts)
 A = Elapsed time spent in this place.
 B = Non-inter-level travel time spent in this place.
 C = Inter-level travel time spent in this place.
 D = Time resting spent in this place.
 E = Time spent auto-exploring this place.
 F = Levels seen in this place.
 G = Mean time per level.
                   A        B        C        D        E       F      G
               +--------+--------+--------+--------+--------+-----+--------+
         Total |    230 |    205 |     25 |      0 |      0 |   4 |   57.5 |
       Dungeon |    230 |    205 |     25 |      0 |      0 |   4 |   57.5 |
               +--------+--------+--------+--------+--------+-----+--------+

Top non-repeatable levels by time:
     D:2: 94 daAuts
     D:4: 82 daAuts
     D:3: 38 daAuts
     D:1: 15 daAuts
